 Dungeon Crawl Stone Soup version 0.23.0 (webtiles) character file.

Game seed: 2998109836069166438

350 Nygeryga the Chopper (level 6, -2/56 HPs)
             Began as a Minotaur Fighter on Feb 10, 2019.
             Was an Initiate of Makhleb.
             Slain by a troll (4 damage)
             ... on level 4 of the Dungeon.
             The game lasted 00:08:42 (2880 turns).

Nygeryga the Chopper (Minotaur Fighter)             Turns: 2880, Time: 00:08:43

Health: -2/56      AC:  9    Str: 22    XL:     6   Next: 33%
Magic:  5/5        EV:  7    Int:  5    God:    Makhleb [......]
Gold:   118        SH:  9    Dex: 10    Spells: 5/5 levels left

rFire    . . .     SeeInvis .   a - +0 war axe
rCold    . . .     Gourm    .   c - +0 shield
rNeg     . . .     Faith    .   b - +0 scale mail
rPois    .         Spirit   .   (helmet restricted)
rElec    .         Reflect  .   (no cloak)
rCorr    .         Harm     .   o - +1 pair of gloves
MR       .....                  (no boots)
Stlth    ..........             (no amulet)
HPRegen  0.18/turn              (no ring)
MPRegen  0.09/turn              (no ring)

@: no status effects
A: retaliatory headbutt, horns 2
a: Renounce Religion


You were on level 4 of the Dungeon.
You worshipped Makhleb.
Makhleb was noncommittal.
You were not hungry.

You visited 2 branches of the dungeon, and saw 5 of its levels.

You collected 118 gold pieces.

Inventory:

Hand Weapons
 a - a +0 war axe (weapon)
Armour
 b - a +0 scale mail (worn)
 c - a +0 shield (worn)
 o - a +1 pair of gloves (worn)
Scrolls
 e - a scroll of random uselessness {unknown}
 h - 2 scrolls of identify {unknown}
 i - a scroll of remove curse {unknown}
 j - 3 scrolls of enchant weapon {unknown}
 m - a scroll of amnesia {unknown}
 p - a scroll of teleportation {unknown}
 q - a scroll of enchant armour {unknown}
Potions
 d - 2 potions of might
 g - a potion of curing {unknown}
 l - a potion of degeneration {unknown}
 n - 2 potions of haste {unknown}
Comestibles
 f - 4 rations
 k - 12 chunks of flesh


   Skills:
 + Level 5.0 Fighting
 * Level 7.4 Axes
 - Level 3.6 Armour
 - Level 3.6 Shields


You had 5 spell levels left.
You didn't know any spells.
Your spell library was empty.

Dungeon Overview and Level Annotations

Branches:
Dungeon (4/15)             Temple (1/1) D:4

Altars:
Ashenzari
Cheibriados
Dithmenos
Elyvilon
Fedhas
Gozag
Makhleb
Okawaru
Qazlal
Sif Muna
Trog
Vehumet
Wu Jian
Xom
Zin
The Shining One

Shops:
D:4 =


Innate Abilities, Weirdness & Mutations

You reflexively headbutt those who attack you in melee.
You have a pair of horns on your head.


Message History

No target in view!
You start resting.
A troll comes into view.
A troll is nearby!
The troll shouts!
The troll bites you but does no damage. The troll claws you but does no damage.
The troll claws you.
You closely miss the troll. The troll closely misses you.
The troll barely misses you. You block the troll's attack. The troll bites you!
You block the troll's attack. The troll claws you!
* * * LOW HITPOINT WARNING * * *
Some of the chunks of flesh in your inventory have rotted away.
You barely miss the troll. Your headbutt misses the troll. The troll bites you!
* * * LOW HITPOINT WARNING * * *
The troll barely misses you. The troll claws you.
* * * LOW HITPOINT WARNING * * *
You barely miss the troll. You headbutt the troll.
The troll is lightly wounded.
The troll bites you.
You die...

#........##.. .#............
.###..÷...#### .# ###...## #
# #'### #..## ### ##. ##..#.#
#.## ##.. ..#
##...#.###.####.##
#.##.).###.........#
##..#@.###..##......##
##'##T##'###..###.÷....
#.........###.....#####
#.8..8..8.##..##..#
#.........#..###..#
#####)######## #..# #..# #.#
#..#####
##########.#####.#####..#....
........)÷..............#.###


You could see a troll.

Vanquished Creatures
  An orc priest (D:4)
  2 iguanas (D:4)
  3 worker ants (D:4)
  A worker ant zombie (D:2)
  A howler monkey skeleton (D:4)
  6 adders
  2 oozes (D:1)
  An adder skeleton (D:4)
  3 worms
  A dart slug (D:1)
  6 leopard geckos
  6 orcs (D:4)
  7 bats
  7 giant cockroaches
  10 goblins
  11 hobgoblins
  7 kobolds
  2 quokkas
  2 ball pythons
  11 frilled lizards
  A leopard gecko skeleton (D:4)
  6 rats
97 creatures vanquished.

Notes
Turn   | Place    | Note
-------+----------+-------------------------------------------
     0 | D:1      | Nygeryga the Minotaur Fighter began the quest for the Orb.
     0 | D:1      | Reached XP level 1. HP: 19/19 MP: 0/0
    79 | D:1      | Reached XP level 2. HP: 25/27 MP: 1/1
   103 | D:1      | Reached skill level 3 in Axes
   291 | D:1      | Reached XP level 3. HP: 34/34 MP: 2/2
   468 | D:1      | Reached skill level 4 in Axes
   890 | D:2      | Reached XP level 4. HP: 17/41 MP: 3/3
  1303 | D:2      | Reached skill level 5 in Axes
  1647 | D:3      | Found an ornate altar of the Wu Jian Council.
  2028 | D:3      | Reached XP level 5. HP: 46/47 MP: 4/4
  2241 | D:4      | Found a staircase to the Ecumenical Temple.
  2262 | D:4      | Reached skill level 6 in Axes
  2266 | Temple   | Entered the Ecumenical Temple
  2475 | Temple   | Became a worshipper of Makhleb the Destroyer
  2566 | D:4      | Found Jikhits's Jewellery Shop.
  2682 | D:4      | Found an iron altar of Okawaru.
  2770 | D:4      | Reached XP level 6. HP: 43/55 MP: 5/5
  2778 | D:4      | Reached skill level 7 in Axes
  2865 | D:4      | Reached skill level 5 in Fighting
  2876 | D:4      | Noticed a troll
  2879 | D:4      | HP: 2/56 [troll (6)]
  2880 | D:4      | Slain by a troll

Skill      XL: |  1  2  3  4  5  6 |
---------------+-------------------+-----
Fighting       | 4 5 |  5.0
Axes           | 3 4 5 6 7 |  7.4
Armour         | |  3.6
Shields        | |  3.6

Action                   |  1- 3 |  4- 6 || total
-------------------------+-------+-------++-------
Melee: War axe           |    85 |   140 ||   225
       Headbutt          |    11 |    21 ||    32
  Eat: Chunk             |       |     7 ||     7
Armor: Scale mail        |    34 |    52 ||    86
Dodge: Dodged            |    28 |    42 ||    70
Block: Shield            |    46 |    67 ||   113
